 Dungeon Crawl Stone Soup version 0.28-a0-206-gc2c9e32840 (webtiles) character file.

Game seed: 5959682507690620813

28058 theanonym the Severer (level 13, -1/125 HPs)
             Began as a Minotaur Abyssal Knight on Aug 21, 2021.
             Was a High Priest of Lugonu.
             Splashed with acid (5 damage)
             ... in an ice cave.
             The game lasted 00:19:30 (18516 turns).

theanonym the Severer (Minotaur Abyssal Knight)    Turns: 18516, Time: 00:19:30

Health: -1/125     AC: 22    Str: 22    XL:     13   Next: 7%
Magic:  13/13      EV:  6    Int:  9    God:    Lugonu [*****.]
Gold:   823        SH:  5    Dex: 12    Spells: 12/12 levels left

rFire   x . .      SeeInvis .   a - +2 battleaxe (vamp)
rCold   + . .      Faith    .   (shield currently unavailable)
rNeg    . . .      Spirit   .   F - +1 plate armour {rPois}
rPois   +          Reflect  +   (helmet restricted)
rElec   .          Harm     .   J - +1 cloak {rCorr}
rCorr   +          Rampage  .   i - +1 pair of gloves
Will    .....      Clarity  +   E - +0 pair of boots
Stlth   ..........              x - amulet of reflection
HPRegen 0.30/turn               u - +4 ring of protection
MPRegen 0.13/turn               n - ring of ice

@: no status effects
A: horns 2, retaliatory headbutt, hooves 1, thin skeletal structure 1, clarity,
wild magic 1
a: Renounce Religion, Depart the Abyss, Bend Space, Banish, Corrupt, Enter the
Abyss


Innate Abilities, Weirdness & Mutations

You have a pair of horns on your head.
You reflexively headbutt those who attack you in melee.
You have large cloven feet.
You have a somewhat thin skeletal structure. (Dex +2, Stealth+)
You possess an exceptional clarity of mind.
Your spells are a little harder to cast, but a little more powerful.


   Skills:
 + Level 14.7 Fighting
 - Level 20.0 Axes
 + Level 3.6 Armour
 - Level 1.1 Dodging
 - Level 1.7 Invocations


You had 12 spell levels left.
You didn't know any spells.
Your spell library contained the following spells:

 Spells                   Type           Power      Damage    Failure   Level
 Animate Skeleton         Necr           0%         N/A       100%        1
 Apportation              Tloc           0%         N/A       100%        1
 Corona                   Hex            0%         N/A       100%        1
 Sting                    Tmut/Pois      0%         1d3       100%        1
 Summon Small Mammal      Summ           0%         N/A       100%        1
 Poisonous Vapours        Pois/Air       0%         N/A       100%        2
 Call Canine Familiar     Summ           0%         N/A       100%        3
 Summon Guardian Golem    Hex/Summ       0%         N/A       100%        3
 Hailstorm                Conj/Ice       0%         3d3       100%        4
 Ice Form                 Ice/Tmut       0%         N/A       100%        4
 Olgreb's Toxic Radiance  Pois           0%         N/A       100%        4
 Fireball                 Conj/Fire      0%         3d3       100%        5
 Freezing Cloud           Conj/Ice/Air   0%         6-21      100%        5
 Iskenderun's Battlesphe  Conj           0%         2d6       100%        5
 Conjure Ball Lightning   Conj/Air       0%         3x3d6     100%        6
 Simulacrum               Ice/Necr       0%         N/A       100%        6
 Orb of Destruction       Conj           0%         N/A       100%        7
 Spellforged Servitor     Conj/Summ      0%         N/A       100%        7
 Chain Lightning          Conj/Air       0%         N/A       100%        9
 Fire Storm               Conj/Fire      0%         5d1       100%        9
 Polar Vortex             Ice            0%         N/A       100%        9

Skill      XL: |  1  2  3  4  5  6  7  8  9 10 11 12 13 |
---------------+----------------------------------------+-----
Axes           | 3 4 5 7 8 10 12 14 16 18 20 | 20.0
Fighting       | 4 6 7 9 11 13 14 | 14.7
Armour         | 3 |  3.6
Dodging        | |  1.1
Invocations    | |  1.7

Action                   |  1- 3 |  4- 6 |  7- 9 | 10-12 | 13-15 || total
-------------------------+-------+-------+-------+-------+-------++-------
Melee: Hand axe          |    87 |   107 |       |       |       ||   194
       Headbutt          |     3 |    17 |    50 |   101 |     6 ||   177
       Battleaxe         |       |    11 |   294 |   484 |    31 ||   820
       Kick              |       |       |       |    90 |     4 ||    94
Evoke: Wand              |       |       |       |    14 |       ||    14
       Phantom mirror    |       |       |       |     1 |       ||     1
       Condenser vane    |       |       |       |     1 |       ||     1
  Use: Potion            |       |     5 |     1 |     4 |       ||    10
       Scroll            |       |       |    12 |     9 |     1 ||    22
 Stab: Invisible         |       |     1 |       |     1 |       ||     2
       Paralysed         |       |       |       |     7 |       ||     7
Armor: Leather armour    |    27 |     1 |       |       |       ||    28
       Scale mail        |       |    23 |    25 |       |       ||    48
       Skin              |       |    14 |     5 |     9 |       ||    28
       Chain mail        |       |       |   113 |       |       ||   113
       Plate armour      |       |       |    24 |   353 |    19 ||   396
Dodge: Dodged            |    58 |    51 |   100 |   137 |    12 ||   358
Block: Other             |       |       |       |    25 |     5 ||    30

Inventory:

Hand Weapons
 a - a +2 vampiric battleaxe (weapon)
Missiles
 N - a throwing net
Armour
 i - a +1 pair of gloves (worn)
 E - a +0 pair of boots (worn)
 F - a +1 plate armour of poison resistance (worn)
 J - a +1 cloak of preservation (worn)
Magical Staves
 j - a staff of poison
 B - a staff of cold
 H - a staff of cold
 I - a staff of poison
 K - a staff of cold
Jewellery
 f - a ring of fire
 n - a ring of ice (right hand)
 u - a +4 ring of protection (left hand)
 x - an amulet of reflection (around neck)
 z - a ring of see invisible
 M - a ring of poison resistance
Wands
 d - a wand of digging (5)
 C - a wand of iceblast (11)
 G - a wand of flame (23)
Scrolls
 b - 2 scrolls of enchant weapon
 e - 3 scrolls of vulnerability
 k - 2 scrolls of amnesia
 l - 2 scrolls of brand weapon
 r - 2 scrolls of identify
 t - 5 scrolls of teleportation
 y - 3 scrolls of magic mapping
Potions
 c - a potion of lignification
 g - 2 potions of ambrosia
 h - a potion of haste
 m - 2 potions of might
 o - 2 potions of mutation
 p - a potion of invisibility
 q - 2 potions of heal wounds
 s - 2 potions of brilliance
 w - 4 potions of curing
 A - a potion of magic
 D - a potion of flight
Miscellaneous
 v - a phantom mirror (inert)
 L - a condenser vane You were in an ice cave. You worshipped Lugonu. Lugonu was extremely pleased with you. You visited 2 branches of the dungeon, and saw 16 of its levels. You visited the Abyss 1 time. You also visited: Ice Cave. You collected 823 gold pieces.

Dungeon Overview and Level Annotations

Branches:
Dungeon (11/15)            Temple (0/1) D:7            Lair (5/6) D:9
 Shoals (0/4) Lair:3       Spider (0/4) Lair:4        Slime (0/5) Lair:5
    Orc (0/2) D:10          IceCv (1/1)

Altars:
Ashenzari
Cheibriados
Fedhas
Makhleb
Okawaru
Ru
Trog
Uskayaw
Vehumet
Wu Jian
Xom
Yredelemnul
The Shining One

Shops:
D:2 *

Annotations:
D:10 2 transporters, Ezendos's ghost, novice OpFi

#...##..#..##..##
#..#
##.####.##..#...#
#..# ###
#..#..##..####..#
#..##..#....##..#
##.##..##.......##
#..#..$#...##...#
#..##[[##..##...#
##..##.##..##....#
#...#@##..##....#
##....#...###...#
##.......# ##....
#.......# .....
#......## ......
##.....# #.....
##...## #####


There were no monsters in sight!

Notes
Turn   | Place    | Note
-------+----------+-------------------------------------------
     0 | Abyss:1  | theanonym the Minotaur Abyssal Knight began the quest for
                  | the Orb.
     0 | Abyss:1  | Reached XP level 1. HP: 19/19 MP: 1/1
    34 | Abyss:1  | Noticed a large abomination
    35 | D:1      | Escaped the Abyss
   178 | D:1      | Reached skill level 3 in Axes
   198 | D:1      | HP: 9/19 [bat (1)]
   199 | D:1      | Reached XP level 2. HP: 12/26 MP: 2/2
   530 | D:1      | Found a faded altar of an unknown god.
   704 | D:1      | Reached skill level 4 in Axes
  1301 | D:2      | Reached XP level 3. HP: 31/31 MP: 3/3
  1339 | D:2      | Found Muet's Assorted Antiques.
  1383 | D:2      | Reached ** piety under Lugonu
  1522 | D:2      | HP: 15/31 [poisoned by an adder]
  1525 | D:2      | Reached skill level 5 in Axes
  1870 | D:2      | Reached XP level 4. HP: 39/39 MP: 4/4
  1931 | D:2      | Noticed Sigmund
  1941 | D:2      | Killed Sigmund
  1942 | D:2      | Reached skill level 7 in Axes
  1942 | D:2      | Reached XP level 5. HP: 35/45 MP: 5/5
  2132 | D:3      | Found a bloodstained altar of Trog.
  2289 | D:3      | Reached XP level 6. HP: 51/51 MP: 6/6
  3124 | D:4      | Reached skill level 8 in Axes
  3217 | D:4      | Reached *** piety under Lugonu
  3236 | D:4      | Reached skill level 4 in Fighting
  3427 | D:4      | HP: 22/50 [wight (6)]
  3709 | D:4      | Reached XP level 7. HP: 48/60 MP: 7/7
  3730 | D:4      | HP: 27/60 [wight (6)]
  3972 | D:4      | Reached skill level 5 in Fighting
  3972 | D:4      | Reached skill level 9 in Axes
  4645 | D:5      | Entered Level 5 of the Dungeon
  5113 | D:5      | Reached skill level 10 in Axes
  5131 | D:5      | Found a hide-covered altar of Uskayaw.
  5180 | D:5      | Reached skill level 6 in Fighting
  5238 | D:5      | Reached XP level 8. HP: 56/70 MP: 8/8
  5912 | D:6      | Reached skill level 11 in Axes
  6088 | D:6      | Reached skill level 7 in Fighting
  6194 | D:6      | Found a sacrificial altar of Ru.
  6215 | D:6      | Reached **** piety under Lugonu
  6529 | D:6      | Found a snail-covered altar of Cheibriados.
  6543 | D:6      | Reached skill level 12 in Axes
  6593 | D:6      | Reached XP level 9. HP: 64/81 MP: 9/9
  6744 | D:6      | Found an ornate altar of the Wu Jian Council.
  6781 | D:6      | Found a radiant altar of Vehumet.
  6995 | D:6      | Reached skill level 8 in Fighting
  7086 | D:6      | Found a shimmering altar of Xom.
  7086 | D:6      | Found a burning altar of Makhleb.
  7332 | D:7      | Found a broken altar of Ashenzari.
  7464 | D:7      | Reached skill level 13 in Axes
  7474 | D:7      | Found an iron altar of Okawaru.
  7599 | D:7      | Reached skill level 9 in Fighting
  7756 | D:7      | Found a staircase to the Ecumenical Temple.
  8560 | D:8      | Found a glowing golden altar of the Shining One.
  8599 | D:8      | HP: 31/84 [orc priest/divine providence (13)]
  9015 | D:8      | Reached skill level 14 in Axes
  9282 | D:8      | HP: 38/84 [vampire mosquito (6)]
  9288 | D:8      | Reached XP level 10. HP: 51/92 MP: 10/10
  9288 | D:8      | HP: 48/138 [vampire mosquito (4)]
  9785 | D:8      | Reached skill level 10 in Fighting
 10110 | D:9      | Found a staircase to the Lair.
 10133 | D:9      | HP: 68/141 [water moccasin (6)]
 10134 | D:9      | Reached skill level 15 in Axes
 10136 | D:9      | HP: 32/94 [water moccasin (4)]
 10145 | D:9      | Noticed a two-headed ogre
 10154 | D:9      | Killed a two-headed ogre
 10200 | D:9      | HP: 29/94 [yak (11)]
 10228 | D:8      | HP: 32/94 [yak (4)]
 10496 | D:9      | Reached skill level 11 in Fighting
 10785 | D:9      | Found a basalt altar of Yredelemnul.
 10828 | D:9      | Noticed a centaur warrior
 10838 | D:9      | Killed a centaur warrior
 10839 | D:9      | Reached skill level 16 in Axes
 10970 | D:9      | Noticed a two-headed ogre
 10978 | D:9      | Killed a two-headed ogre
 10979 | D:9      | Reached XP level 11. HP: 102/102 MP: 11/11
 11102 | D:9      | HP: 44/102 [orc warrior (14)]
 11475 | D:10     | Entered Level 10 of the Dungeon
 11512 | D:10     | Found a staircase to the Orcish Mines.
 11544 | D:10     | Noticed a deep elf pyromancer
 11557 | D:10     | HP: 75/153 [deep elf pyromancer (2)]
 11560 | D:10     | Killed a deep elf pyromancer
 11944 | D:10     | Found a blossoming altar of Fedhas.
 11978 | D:10     | Noticed Ezendos's ghost (novice OpFi)
 11988 | D:10     | Found a transporter.
 12009 | D:10     | Found a transporter.
 12341 | D:10     | Noticed a centaur warrior
 12351 | D:10     | Killed a centaur warrior
 12352 | D:10     | Reached skill level 12 in Fighting
 12359 | D:10     | HP: 52/104 [efreet/bolt of fire (9)]
 12361 | D:10     | Noticed a boulder beetle
 12627 | D:10     | Noticed a shining eye
 12632 | D:10     | Gained mutation: You are frail. (-10% HP) [a shining eye]
 12635 | D:10     | Killed a shining eye
 12636 | D:10     | Reached skill level 17 in Axes
 12655 | D:10     | HP: 44/94 [efreet (14)]
 12659 | D:10     | Lost mutation: You are frail. (-10% HP) [potion of
                  | mutation]
 12659 | D:10     | Gained mutation: Your spells are a little harder to cast,
                  | but a little more powerful. [potion of mutation]
 12659 | D:10     | Gained mutation: You have a somewhat thin skeletal
                  | structure. (Dex +2, Stealth+) [potion of mutation]
 12659 | D:10     | Gained mutation: You possess an exceptional clarity of
                  | mind. [potion of mutation]
 12659 | D:10     | Gained mutation: You have large cloven feet. [potion of
                  | mutation]
 13143 | Lair:1   | Entered Level 1 of the Lair of Beasts
 13159 | Lair:1   | Noticed Harold
 13368 | D:9      | Killed Harold
 13834 | Lair:1   | Reached ***** piety under Lugonu
 13859 | Lair:1   | Noticed Grum
 13869 | Lair:1   | Reached skill level 18 in Axes
 13875 | Lair:1   | HP: 37/106 [Grum (17)]
 13878 | Lair:1   | Killed Grum
 14223 | Lair:1   | Reached skill level 13 in Fighting
 14402 | Lair:1   | Noticed a lindwurm
 14412 | Lair:1   | Reached XP level 12. HP: 84/115 MP: 12/12
 14911 | Lair:1   | Noticed a five-headed hydra
 14920 | Lair:1   | Killed a five-headed hydra
 16369 | Lair:3   | Found a staircase to the Shoals.
 16384 | Lair:3   | Reached skill level 19 in Axes
 17064 | Lair:4   | Reached skill level 14 in Fighting
 17290 | Lair:4   | Noticed Nergalle
 17302 | Lair:4   | Killed Nergalle
 17451 | Lair:4   | Found a hole to the Spider Nest.
 17882 | Lair:5   | Found a frozen archway.
 17895 | IceCv    | Entered an ice cave
 18211 | IceCv    | HP: 55/118 [enormous slime creature (50)]
 18217 | IceCv    | Reached skill level 20 in Axes
 18218 | IceCv    | Reached XP level 13. HP: 86/125 MP: 13/13
 18373 | IceCv    | Reached skill level 3 in Armour
 18509 | IceCv    | HP: 58/125 [entropy weaver simulacrum (17)]
 18510 | IceCv    | HP: 22/125 [entropy weaver simulacrum (19)]
 18510 | IceCv    | HP: 3/125 [entropy weaver simulacrum (10)]
 18516 | IceCv    | Splashed with acid

Vanquished Creatures
  A hydra (Lair:1)
  Harold (D:9)
  2 two-headed ogres (D:9)
  2 centaur warriors
  Nergalle (Lair:4)
  A deep elf pyromancer (D:10)
  A lindwurm (Lair:1)
  A shining eye (shapeshifter) (D:10)
  An elephant (Lair:1)
  2 merfolk sirens (Lair:3)
  3 ice statues (IceCv)
  A black mamba (Lair:4)
  9 cane toads
  4 komodo dragons
  2 efreet (D:10)
  2 entropy weaver simulacra (IceCv)
  2 rime drakes (Lair:4)
  A troll (D:9)
  A jumping spider (Lair:4)
  2 merfolk (Lair:3)
  A polar bear (Lair:1)
  10 blink frogs
  2 slime creatures (IceCv)
  Sigmund (D:2)
  A shadow (D:10)
  A redback (Lair:4)
  11 yaks
  A wraith (D:9)
  6 basilisks
  Grum (Lair:1)
  4 vampire mosquitoes
  A death yak simulacrum (Lair:5)
  3 demonic crawler simulacra (IceCv)
  13 water moccasins
  4 orc warriors
  An ice beast (D:6)
  An ugly thing simulacrum (IceCv)
  A black bear (D:5)
  2 sky beasts (D:7)
  An ogre (D:5)
  A centaur (D:7)
  11 wolves
  A phantom (D:5)
  A kobold brigand (D:9)
  A gnoll sergeant (D:9)
  5 bullfrogs
  2 glowing shapeshifter simulacra (IceCv)
  2 wyvern zombies
  3 scorpions
  2 wyvern skeletons
  A water moccasin skeleton (D:6)
  11 wights
  2 vampire bats (Lair:4)
  An electric eel (Lair:2)
  8 howler monkeys
  7 bullfrog zombies
  A crimson imp (D:6)
  5 hounds
  A jelly (D:4)
  6 orc priests
  8 centaur zombies
  A centaur skeleton (D:7)
  A gnoll shaman (D:6)
  2 bullfrog skeletons
  8 orc wizards
  3 iguanas
  2 polar bear simulacra (Lair:5)
  A killer bee zombie (D:6)
  2 wolf simulacra (Lair:5)
  A mummy (D:6)
  A howler monkey zombie (D:6)
  A howler monkey skeleton (D:6)
  5 adders
  3 gnolls (D:6)
  A shadow imp (D:8)
  2 ufetubi
  An adder skeleton (D:4)
  2 worms (D:4)
  A dart slug (D:1)
  39 orcs
  6 ball pythons
  13 bats
  5 endoplasms
  A giant cockroach (D:1)
  7 goblins
  11 hobgoblins
  2 jackals (D:5)
  3 quokkas
  3 frilled lizards
  13 kobolds
  8 rats
335 creatures vanquished.

Vanquished Creatures (collateral kills)
  A slime creature (IceCv)
  A basilisk (Lair:2)
2 creatures vanquished.

Vanquished Creatures (others)
  An entropy weaver simulacrum (IceCv)
  A bush (D:9)
  9 fungi
  26 plants
37 creatures vanquished.

Grand Total: 374 creatures vanquished

Table legend: (Time is in decaauts)
 A = Elapsed time spent in this place.
 B = Non-inter-level travel time spent in this place.
 C = Inter-level travel time spent in this place.
 D = Time resting spent in this place.
 E = Time spent auto-exploring this place.
 F = Levels seen in this place.
 G = Mean time per level.
                   A        B        C        D        E       F      G
               +--------+--------+--------+--------+--------+-----+--------+
         Total |  18482 |  17998 |    484 |   5568 |  10366 |  18 | 1026.8 |
       Dungeon |  13389 |  12963 |    426 |   4230 |   7270 |  11 | 1217.2 |
          Lair |   4454 |   4397 |     57 |   1000 |   2961 |   5 |  890.8 |
         Abyss |     36 |     36 |      0 |      0 |     28 |   1 |   36.0 |
      Ice Cave |    602 |    602 |      0 |    337 |    107 |   1 |  602.0 |
               +--------+--------+--------+--------+--------+-----+--------+

Top non-repeatable levels by time:
  Lair:1: 2020 daAuts
     D:9: 1825 daAuts
     D:8: 1645 daAuts
    D:10: 1623 daAuts
     D:4: 1440 daAuts
     D:6: 1348 daAuts
     D:1: 1226 daAuts
     D:5: 1217 daAuts
     D:7: 1117 daAuts
     D:3: 1060 daAuts
     D:2: 871 daAuts
  Lair:2: 871 daAuts
  Lair:4: 812 daAuts
  Lair:3: 732 daAuts
   IceCv: 602 daAuts
